 Dungeon Crawl Stone Soup version 0.21.0 (webtiles) character file.

14189 manyhoops the Grappler (level 12, -13/89 HPs)
             Began as a Gnoll Wanderer on Jan 6, 2018.
             Was a Priest of Makhleb.
             Mangled by a spiny frog (16 damage)
             ... on level 2 of the Lair of Beasts.
             The game lasted 00:31:18 (15153 turns).

manyhoops the Grappler (Gnoll Wanderer)            Turns: 15153, Time: 00:31:19

Health: -13/89     AC: 12    Str: 21    XL:     12   Next: 13%
Magic:  19/22      EV: 17    Int: 20    God:    Makhleb [***...]
Gold:   190        SH:  3    Dex: 17    Spells: 10/24 levels left

rFire    . . .     SeeInvis .   O - +9 staff of Olgreb {rPois}
rCold    . . .     Gourm    .   (no shield)
rNeg     . . .     Faith    .   E - +3 leather armour "Medez" {rElec Int+6}
rPois    ∞         Spirit   .   (no helmet)
rElec    +         Reflect  +   w - +0 cloak of Yriudwou {rF- Slay+5}
rCorr    .         Harm     .   W - +0 pair of gloves
MR       .....                  m - +2 pair of boots
Stlth    ++++......             Z - +3 amulet of reflection
HPRegen  0.24/turn              a - ring of protection from fire
MPRegen  0.18/turn              G - +3 ring of dexterity

@: no status effects
A: distributed training, fangs 1, strong nose
a: Minor Destruction, Lesser Servant of Makhleb, Renounce Religion


You were on level 2 of the Lair of Beasts.
You worshipped Makhleb.
Makhleb was most pleased with you.
You were not hungry.

You visited 3 branches of the dungeon, and saw 14 of its levels.
You also visited: Labyrinth and Ossuary.

You collected 747 gold pieces.
You spent 557 gold pieces at shops.

Inventory:

Hand Weapons
 l - the +8 hunting sling of Doanirph {velocity, rPois Int+3}
   (You found it in a labyrinth)

   Any stone fired from it inflicts extra damage.
   It affects your intelligence (+3).
   It protects you from poison.
 N - the +12 glaive of Prune {chop}
   (You found it in a labyrinth)

   It inflicts extra damage upon your enemies.
 O - the +9 staff of Olgreb (weapon) {rPois}
   (You found it in a labyrinth)

   It protects you from poison.
Missiles
 b - 20 sling bullets
 R - 163 stones (quivered)
Armour
 m - a +2 pair of boots (worn)
 w - the +0 cloak of Yriudwou (worn) {rF- Slay+5}
   (You found it on level 1 of the Lair of Beasts)

   It affects your accuracy and damage with ranged weapons and melee attacks
   (+5).
   It makes you vulnerable to fire.
 E - the +3 leather armour "Medez" (worn) {rElec Int+6}
   (You found it on level 5 of the Dungeon)

   It affects your intelligence (+6).
   It insulates you from electricity.
 V - a +1 cloak of invisibility
 W - a +0 pair of gloves (worn)
Magical Staves
 D - an uncursed staff of power
Jewellery
 a - a ring of protection from fire (left hand)
 C - an uncursed ring of fire
 G - a +3 ring of dexterity (right hand)
 Z - a +3 amulet of reflection (around neck)
Wands
 c - a wand of iceblast (5)
 p - a wand of polymorph (22)
 t - a wand of random effects (33)
 x - a wand of clouds (3)
 z - a wand of acid (9)
 J - a wand of paralysis (25)
 T - a wand of disintegration (18)
Scrolls
 e - 4 scrolls of blinking
 g - 6 scrolls of enchant weapon
 i - a scroll of noise {unknown}
 k - 8 scrolls of remove curse
 n - 3 scrolls of fog
 o - 2 scrolls of magic mapping
 s - 7 scrolls of amnesia
 u - a scroll of enchant armour
 v - 6 scrolls of teleportation
 y - 2 scrolls of fear
 K - a scroll of brand weapon {unknown}
 L - 4 scrolls of identify
 Q - a scroll of holy word {unknown}
Potions
 d - a potion of brilliance
 h - a potion of mutation
 j - 6 potions of curing
 q - 2 potions of heal wounds
 r - 2 potions of degeneration
 A - a potion of cancellation
 B - a potion of invisibility
 F - a potion of haste
 H - 2 potions of resistance
 M - 3 potions of ambrosia
 U - 2 potions of flight {unknown}
Books
 I - a book of Air

   Spells                             Type                      Level
   a - Shock                          Conjuration/Air              1
   b - Swiftness                      Charms/Air                   2
   c - Static Discharge               Conjuration/Air              3
   d - Airstrike                      Air                          4
   e - Lightning Bolt                 Conjuration/Air              5
 S - a book of Minor Magic

   Spells                             Type                      Level
   a - Magic Dart                     Conjuration                  1
   b - Blink                          Translocation                2
   c - Call Imp                       Summoning                    2
   d - Slow                           Hexes                        2
   e - Conjure Flame                  Conjuration/Fire             3
   f - Mephitic Cloud                 Conjuration/Poison/Air       3
 Y - a book of Annihilations

   Spells                             Type                      Level
   a - Poison Arrow                   Conjuration/Poison           6
   b - Chain Lightning                Conjuration/Air              8
   c - Lehudib's Crystal Spear        Conjuration/Earth            8
   d - Glaciate                       Conjuration/Ice              9
   e - Fire Storm                     Conjuration/Fire             9
Miscellaneous
 P - a sack of spiders
Comestibles
 f - 17 rations


   Skills:
 + Level 6.8 Fighting
 + Level 6.8 Short Blades
 + Level 7.4 Long Blades
 + Level 6.8 Axes
 + Level 6.8 Maces & Flails
 + Level 6.8 Polearms
 + Level 6.8 Staves
 + Level 6.8 Slings
 + Level 6.8 Bows
 + Level 6.8 Crossbows
 + Level 6.8 Throwing
 + Level 6.8 Armour
 + Level 7.4 Dodging
 + Level 9.2 Stealth
 + Level 7.4 Shields
 + Level 10.8 Unarmed Combat
 + Level 6.8 Spellcasting
 + Level 5.7 Conjurations
 + Level 5.7 Hexes
 + Level 5.7 Charms
 + Level 5.7 Summonings
 + Level 5.7 Necromancy
 + Level 5.7 Translocations
 + Level 5.7 Transmutations
 + Level 5.7 Fire Magic
 + Level 5.7 Ice Magic
 + Level 5.7 Air Magic
 + Level 5.7 Earth Magic
 + Level 5.7 Poison Magic
 + Level 7.5 Invocations
 + Level 6.8 Evocations


You had 10 spell levels left.
You knew the following spells:

 Your Spells              Type           Power        Failure   Level  Hunger
a - Shock                 Conj/Air       ####         1%          1    None
b - Swiftness             Chrm/Air       ####....     1%          2    None
c - Static Discharge      Conj/Air       ####....     3%          3    #......
d - Blink                 Tloc           N/A          1%          2    None
e - Conjure Flame         Conj/Fire      ####....     3%          3    #......
f - Mephitic Cloud        Conj/Pois/Air  #####...     3%          3    #......


Dungeon Overview and Level Annotations

Branches:
Dungeon (11/15)            Temple (1/1) D:5            Lair (2/6) D:9
    Orc (0/2) D:9
  Swamp: Lair:2-4    Shoals: Lair:2-4     Snake: Lair:2-4    Spider: Lair:2-4

Altars:
Ashenzari
Cheibriados
Gozag
Kikubaaqudgha
Makhleb
Nemelex Xobeh
Qazlal
Ru
Sif Muna
Trog
Vehumet
Wu Jian
Xom
Zin

Shops:
D:9 *

Annotations:
D:4 exclusion: statue
D:8 2 runed doors
D:10 Gorglomux's ghost, novice DEFE


Innate Abilities, Weirdness & Mutations

Your experience applies equally to all skills.
You have very sharp teeth.
Your uncanny sense of smell can sniff out nearby items.


Message History

Unknown command.
You are too injured to fight recklessly!
Unknown command.
You are too injured to fight recklessly!
Unknown command.
You are too injured to fight recklessly!
Unknown command.
Casting: Shock
Confirm with . or Enter, or press ? or * to list all spells.
The spiny frog is struck by lightning.
The spiny frog is severely wounded.
The lightning arcs!
The spiny frog is struck by lightning.
The spiny frog is lightly wounded.
The lightning arcs!
You are struck by lightning.
You resist. The spiny frog stings you!
* * * LOW HITPOINT WARNING * * *
The spiny frog stings you!!
* * * LOW HITPOINT WARNING * * *
The spiny frog stings you!
You die...

### #
.#.####.####....
........@F......
.........F......
................
......##+##...#.
...... .....
...... ..#.
..... .# .....
.#


You could see 2 spiny frogs.

Vanquished Creatures
  A minotaur (Lab)
  A hydra (Lair:1)
  A two-headed ogre (D:10)
  The ghost of Gaball the Vexing, a novice GnAM of Fedhas (D:8)
  An ugly thing (D:9)
  An elephant (D:9)
  A komodo dragon (Lair:2)
  Grinder (D:6)
  6 slime creatures (D:9)
  A hippogriff (D:11)
  7 yaks
  2 redbacks (Lab)
  Eustachio (D:6)
  4 hogs (D:7)
  A human (D:7)
  2 hungry ghosts
  A basilisk (D:9)
  Grum (D:8)
  3 water moccasins
  2 porcupines (Lair:1)
  Purgy (D:4)
  Duvessa (D:7)
  2 sky beasts
  3 ice beasts
  An orc warrior (D:8)
  A black bear (D:10)
  4 ogres
  4 phantoms
  9 wolves
  3 centaurs
  3 crocodiles
  2 big kobolds
  12 bullfrogs
  A wyvern zombie (D:6)
  Dowan (D:7)
  2 scorpions
  A wyvern skeleton (D:8)
  5 killer bees (D:8)
  4 howler monkeys
  4 lava snakes (Lab)
  3 crimson imps
  A bullfrog zombie (D:8)
  2 bullfrog skeletons
  2 jellies
  3 human zombies (Ossuary)
  4 orc priests
  6 orc wizards
  11 hounds
  2 iguanas
  Natasha (thrice) (D:4)
  6 worker ants
  A killer bee zombie (D:9)
  3 hound zombies
  4 mummies (Ossuary)
  A worker ant zombie (D:6)
  11 adders
  2 shadow imps
  2 oozes (D:1)
  2 adder zombies
  An adder skeleton (D:5)
  5 worms
  5 dart slugs
  6 leopard geckos
  22 orcs
  4 giant cockroaches
  6 goblins
  5 hobgoblins
  7 jackals
  2 quokkas
  3 ball pythons
  8 bats
  7 frilled lizards
  A goblin zombie (Ossuary)
  3 hobgoblin zombies (Ossuary)
  A jackal zombie (Ossuary)
  14 kobolds
  A leopard gecko skeleton (D:6)
  An orc zombie (Ossuary)
  A quokka skeleton (D:6)
  6 rats
  A butterfly (D:5)
  2 toadstools (D:1)
284 creatures vanquished.

Vanquished Creatures (others)
  2 toadstools (D:1)
2 creatures vanquished.

Grand Total: 286 creatures vanquished

Notes
Turn   | Place    | Note
-------+----------+-------------------------------------------
     0 | D:1      | manyhoops the Gnoll Wanderer began the quest for the Orb.
     0 | D:1      | manyhoops set off with: a +2 dagger, a potion of berserk rage, 2 potions of lignification, a +0 robe, a ration
     0 | D:1      | Reached XP level 1. HP: 13/13 MP: 1/1
   186 | D:1      | Reached XP level 2. HP: 5/20 MP: 2/2
   768 | D:1      | Reached XP level 3. HP: 25/25 MP: 3/3
   961 | D:2      | Reached skill level 1 in Invocations
  1054 | D:2      | Reached skill level 1 in Fighting
  1054 | D:2      | Reached skill level 1 in Short Blades
  1054 | D:2      | Reached skill level 1 in Axes
  1054 | D:2      | Reached skill level 1 in Maces & Flails
  1054 | D:2      | Reached skill level 1 in Polearms
  1054 | D:2      | Reached skill level 1 in Staves
  1054 | D:2      | Reached skill level 1 in Slings
  1054 | D:2      | Reached skill level 1 in Bows
  1054 | D:2      | Reached skill level 1 in Crossbows
  1054 | D:2      | Reached skill level 1 in Throwing
  1054 | D:2      | Reached skill level 1 in Armour
  1054 | D:2      | Reached skill level 1 in Spellcasting
  1054 | D:2      | Reached skill level 1 in Evocations
  1267 | D:2      | Reached XP level 4. HP: 25/32 MP: 5/5
  1567 | D:2      | Reached skill level 1 in Conjurations
  1567 | D:2      | Reached skill level 1 in Hexes
  1567 | D:2      | Reached skill level 1 in Charms
  1567 | D:2      | Reached skill level 1 in Summonings
  1567 | D:2      | Reached skill level 1 in Necromancy
  1567 | D:2      | Reached skill level 1 in Translocations
  1567 | D:2      | Reached skill level 1 in Transmutations
  1567 | D:2      | Reached skill level 1 in Fire Magic
  1567 | D:2      | Reached skill level 1 in Ice Magic
  1567 | D:2      | Reached skill level 1 in Air Magic
  1567 | D:2      | Reached skill level 1 in Earth Magic
  1567 | D:2      | Reached skill level 1 in Poison Magic
  2372 | D:2      | Reached XP level 5. HP: 36/37 MP: 6/6
  2900 | D:3      | Found an ancient bone altar of Kikubaaqudgha.
  3461 | D:4      | Noticed a phantom
  3566 | D:4      | Reached XP level 6. HP: 42/44 MP: 8/8
  3600 | D:4      | Found a radiant altar of Vehumet.
  3652 | D:4      | Noticed Purgy
  3661 | D:4      | Killed Purgy
  3882 | D:4      | Reached XP level 7. HP: 19/50 MP: 10/10
  3907 | D:4      | Found a sand-covered staircase.
  3918 | Ossuary  | Entered an ossuary
  4161 | D:4      | Noticed Natasha
  4175 | D:4      | Killed Natasha
  4207 | D:4      | Noticed Natasha
  4216 | D:4      | Killed Natasha
  4216 | D:4      | Reached skill level 9 in Unarmed Combat
  4370 | D:4      | Noticed Natasha
  4378 | D:4      | Killed Natasha
  4378 | D:4      | Reached XP level 8. HP: 57/57 MP: 12/12
  4638 | D:5      | Entered Level 5 of the Dungeon
  4778 | D:5      | Found a staircase to the Ecumenical Temple.
  4813 | D:5      | Got a faintly humming leather armour
  4824 | D:5      | Identified the +3 leather armour "Medez" {rElec Int+6} (You found it on level 5 of the Dungeon)
  5888 | D:6      | Noticed Grinder
  5899 | D:6      | Killed Grinder
  5899 | D:6      | Reached XP level 9. HP: 34/65 MP: 14/14
  6189 | Temple   | Entered the Ecumenical Temple
  6235 | Temple   | Became a worshipper of Makhleb the Destroyer
  6345 | D:6      | Noticed Eustachio
  6369 | D:6      | Killed Eustachio
  6669 | D:7      | Found a shimmering altar of Xom.
  6670 | D:7      | Found a shimmering altar of Xom.
  6671 | D:7      | Found a shimmering altar of Xom.
  6671 | D:7      | Found a shimmering altar of Xom.
  6770 | D:7      | Found a shimmering altar of Xom.
  6771 | D:7      | Found a shimmering altar of Xom.
  6772 | D:7      | Found a shimmering altar of Xom.
  6772 | D:7      | Found a shimmering altar of Xom.
  6803 | D:7      | Reached skill level 5 in Long Blades
  6803 | D:7      | Reached skill level 5 in Dodging
  6803 | D:7      | Reached skill level 5 in Shields
  6882 | D:7      | Noticed Dowan
  6883 | D:7      | Noticed Duvessa
  6895 | D:7      | Killed Duvessa
  6897 | D:7      | Killed Dowan
  6931 | D:7      | Learned a level 1 spell: Shock
  6934 | D:7      | Learned a level 2 spell: Swiftness
  6938 | D:7      | Learned a level 3 spell: Static Discharge
  7140 | D:7      | Reached skill level 5 in Invocations
  7156 | D:7      | Reached XP level 10. HP: 37/73 MP: 11/17
  7320 | D:8      | Noticed Grum
  7328 | D:8      | Reached * piety under Makhleb
  7339 | D:8      | Killed Grum
  7679 | D:8      | Noticed Gaball's ghost (novice GnAM)
  7726 | D:8      | Killed Gaball's ghost
  7726 | D:8      | Reached skill level 5 in Fighting
  7726 | D:8      | Reached skill level 5 in Short Blades
  7726 | D:8      | Reached skill level 5 in Axes
  7726 | D:8      | Reached skill level 5 in Maces & Flails
  7726 | D:8      | Reached skill level 5 in Polearms
  7726 | D:8      | Reached skill level 5 in Staves
  7726 | D:8      | Reached skill level 5 in Slings
  7726 | D:8      | Reached skill level 5 in Bows
  7726 | D:8      | Reached skill level 5 in Crossbows
  7726 | D:8      | Reached skill level 5 in Throwing
  7726 | D:8      | Reached skill level 5 in Armour
  7726 | D:8      | Reached skill level 5 in Spellcasting
  7726 | D:8      | Reached skill level 5 in Evocations
  7794 | D:8      | Reached skill level 10 in Unarmed Combat
  8030 | D:8      | Found a large runed door.
  8030 | D:8      | Found a large runed door.
  8045 | D:8      | Found a large runed door.
  8045 | D:8      | Found a large runed door.
  8610 | D:8      | Got a scorched hunting sling
  8612 | D:8      | Identified the +6 hunting sling "Jitsos" {speed, Stlth+} (You found it on level 8 of the Dungeon)
  9271 | D:8      | Noticed a cyclops
 10188 | D:9      | Found Inuriroan's Assorted Antiques.
 10191 | D:9      | Bought a glowing peridot ring for 155 gold pieces
 10191 | D:9      | Bought a glowing cloak for 232 gold pieces
 10191 | D:9      | Bought a pair of gloves for 139 gold pieces
 10211 | D:9      | Bought a scroll labeled TOUNOM GATAH for 31 gold pieces
 10650 | D:9      | Noticed a brown ugly thing
 10662 | D:9      | Killed a brown ugly thing
 10775 | D:9      | Found a staircase to the Orcish Mines.
 10873 | D:9      | Reached XP level 11. HP: 69/81 MP: 4/19
 11074 | D:9      | Found a staircase to the Lair.
 11275 | D:9      | Reached ** piety under Makhleb
 11532 | D:9      | Reached skill level 5 in Conjurations
 11532 | D:9      | Reached skill level 5 in Hexes
 11532 | D:9      | Reached skill level 5 in Charms
 11532 | D:9      | Reached skill level 5 in Summonings
 11532 | D:9      | Reached skill level 5 in Necromancy
 11532 | D:9      | Reached skill level 5 in Translocations
 11532 | D:9      | Reached skill level 5 in Transmutations
 11532 | D:9      | Reached skill level 5 in Fire Magic
 11532 | D:9      | Reached skill level 5 in Ice Magic
 11532 | D:9      | Reached skill level 5 in Air Magic
 11532 | D:9      | Reached skill level 5 in Earth Magic
 11532 | D:9      | Reached skill level 5 in Poison Magic
 11730 | D:10     | Entered Level 10 of the Dungeon
 11822 | D:10     | Noticed a two-headed ogre
 11829 | D:10     | Killed a two-headed ogre
 12080 | D:10     | Noticed Gorglomux's ghost (novice DEFE)
 12629 | D:10     | HP: 4/81 [something (9)]
 12633 | D:11     | Found a labyrinth entrance.
 12640 | Lab      | Entered a labyrinth
 13578 | Lab      | Noticed a minotaur
 13591 | Lab      | Killed a minotaur
 13699 | Lab      | Found the +9 staff of Olgreb {rPois}
 13699 | Lab      | Found the +12 glaive of Prune {chop}
 13725 | Lab      | Got a fine hunting sling
 13727 | Lab      | Identified the +8 hunting sling of Doanirph {velocity, rPois Int+3} (You found it in a labyrinth)
 13894 | D:11     | Learned a level 2 spell: Blink
 13898 | D:11     | Learned a level 3 spell: Conjure Flame
 13902 | D:11     | Learned a level 3 spell: Mephitic Cloud
 14185 | Lair:1   | Entered Level 1 of the Lair of Beasts
 14290 | Lair:1   | Reached *** piety under Makhleb
 14503 | Lair:1   | Got a faintly humming cloak
 14514 | Lair:1   | Identified the +0 cloak of Yriudwou {rF- Slay+5} (You found it on level 1 of the Lair of Beasts)
 14620 | Lair:1   | Noticed a seven-headed hydra
 14629 | Lair:1   | Killed a seven-headed hydra
 14629 | Lair:1   | Reached XP level 12. HP: 79/89 MP: 8/22
 15153 | Lair:2   | HP: 3/89 [spiny frog (19)]
 15153 | Lair:2   | Mangled by a spiny frog

Skill      XL: |  1  2  3  4  5  6  7  8  9 10 11 |
---------------+----------------------------------+-----
Stealth        | 6 7 8 9 |  9.2
Invocations    | 1 2 3 4 5 6 7 |  7.5
Fighting       | 1 2 3 4 5 6 |  6.8
Short Blades   | 1 2 3 4 5 6 |  6.8
Axes           | 1 2 3 4 5 6 |  6.8
Maces & Flails | 1 2 3 4 5 6 |  6.8
Polearms       | 1 2 3 4 5 6 |  6.8
Staves         | 1 2 3 4 5 6 |  6.8
Slings         | 1 2 3 4 5 6 |  6.8
Bows           | 1 2 3 4 5 6 |  6.8
Crossbows      | 1 2 3 4 5 6 |  6.8
Throwing       | 1 2 3 4 5 6 |  6.8
Armour         | 1 2 3 4 5 6 |  6.8
Spellcasting   | 1 2 3 4 5 6 |  6.8
Evocations     | 1 2 3 4 5 6 |  6.8
Conjurations   | 1 2 3 4 5 |  5.7
Hexes          | 1 2 3 4 5 |  5.7
Charms         | 1 2 3 4 5 |  5.7
Summonings     | 1 2 3 4 5 |  5.7
Necromancy     | 1 2 3 4 5 |  5.7
Translocations | 1 2 3 4 5 |  5.7
Transmutations | 1 2 3 4 5 |  5.7
Fire Magic     | 1 2 3 4 5 |  5.7
Ice Magic      | 1 2 3 4 5 |  5.7
Air Magic      | 1 2 3 4 5 |  5.7
Earth Magic    | 1 2 3 4 5 |  5.7
Poison Magic   | 1 2 3 4 5 |  5.7
Long Blades    | 3 4 5 6 7 |  7.4
Dodging        | 3 4 5 6 7 |  7.4
Shields        | 3 4 5 6 7 |  7.4
Unarmed Combat | 9 10 | 10.8

Action                   |  1- 3 |  4- 6 |  7- 9 | 10-12 || total
-------------------------+-------+-------+-------+-------++-------
Melee: Dagger            |    13 |       |       |       ||    13
       Whip              |    49 |   209 |    14 |       ||   272
       Bite              |     5 |    22 |    39 |    56 ||   122
       Punch             |     2 |     8 |    14 |    27 ||    51
       Hand axe          |       |       |   344 |   162 ||   506
       Flail             |       |       |       |   155 ||   155
       Staff             |       |       |       |   149 ||   149
 Fire: Hunting sling     |       |       |       |   171 ||   171
 Cast: Shock             |       |       |    10 |    53 ||    63
       Static Discharge  |       |       |     1 |    35 ||    36
Evoke: Wand              |       |     8 |     7 |     2 ||    17
  Use: Scroll            |     6 |     3 |     6 |    10 ||    25
       Potion            |       |     3 |    11 |    12 ||    26
 Stab: Sleeping          |     9 |    13 |    12 |    15 ||    49
       Distracted        |       |       |     3 |       ||     3
  Eat: Chunk             |     1 |     9 |     6 |    11 ||    27
       Ration            |       |       |     1 |     6 ||     7
Armor: Robe              |     6 |    33 |       |       ||    39
       Leather armour    |       |    37 |    73 |   195 ||   305
       Troll leather arm |       |     8 |    17 |       ||    25
       Skin              |       |       |   107 |    32 ||   139
Dodge: Dodged            |    29 |   157 |   176 |   375 ||   737
Block: Other             |       |       |       |    50 ||    50
